 Dungeon Crawl Stone Soup version 0.31-a0-259-g771a54ca4b (webtiles) character file.

Game seed: 8827371452768276935

115 qw the Shooter (level 4, -1/36 HPs)
             Began as a Minotaur Hexslinger on July 13, 2023.
             Slain by a sky beast (5 damage)
             ... on level 3 of the Dungeon.
             The game lasted 00:00:49 (1742 turns).

qw the Shooter (Minotaur Hexslinger)                Turns: 1742, Time: 00:00:49

Health: -1/36      AC:  5    Str: 13    XL:     4   Next: 68%
Magic:  4/4        EV: 11    Int: 10    God:
Gold:   78         SH:  0    Dex: 14    Spells: 4/5 levels left

rFire   . . .        Y - +1 sling
rCold   . . .        (no shield)
rNeg    . . .        d - +0 ring mail
rPois   .            (helmet restricted)
rElec   .            (no cloak)
rCorr   .            (no gloves)
SInv    .            (no boots)
Will    .....        (no amulet)
Stlth   +            (no ring)
HPRegen 0.26/turn    (no ring)
MPRegen 0.09/turn

%: no passive effects
@: no status effects
A: horns 2, retaliatory headbutt
a: no special abilities


You were on level 3 of the Dungeon.
You visited 1 branch of the dungeon, and saw 3 of its levels.

You collected 232 gold pieces.
You spent 154 gold pieces at shops.


Innate Abilities, Weirdness & Mutations

You have a pair of horns on your head.
You reflexively headbutt those who attack you in melee.


   Skills:
 + Level 2.2 Fighting
 - Level 5.0 Ranged Weapons
 - Level 1.2 Armour
 - Level 2.1 Dodging
 - Level 1.0 Spellcasting
 - Level 2.0 Hexes


You had 4 spell levels left.
You knew the following spells:

 Your Spells              Type           Power      Damage    Failure   Level
a - Slow                  Hex            16%        N/A       32%         1

Your spell library contained the following spells:

 Spells                   Type           Power      Damage    Failure   Level
 Inner Flame              Hex/Fire       2%         N/A       82%         3
 Portal Projectile        Hex/Tloc       4%         N/A       82%         3
 Cause Fear               Hex            2%         N/A       97%         4

Inventory:

Hand Weapons
 Y - a +1 sling (weapon)
Armour
 d - a +0 ring mail (worn)
Wands
 f - a wand of digging (5)
Scrolls
 a - 2 scrolls of identify
 b - a scroll of summoning {unknown}
 e - a scroll of immolation {unknown}
Potions
 c - a potion of might
 g - 2 potions of attraction {unknown}
 h - a potion of brilliance {unknown}
 i - 2 potions of enlightenment {unknown}
 k - a potion of magic {unknown}
 l - a potion of haste

Dungeon Overview and Level Annotations

Branches:
Dungeon (3/15)

Altars:
Zin

Shops:
D:2 (***


Message History

The frilled lizard hisses angrily.
The sling bullet hits the bat.
You kill the bat!
A sky beast comes into view.
You shoot a sling bullet.
The sling bullet closely misses the frilled lizard.
You shoot a sling bullet.
The sling bullet hits the frilled lizard but does no damage.
You shoot a sling bullet.
The sling bullet closely misses the frilled lizard.
The sling bullet hits the sky beast.
The sky beast is lightly wounded.
You shoot a sling bullet.
The sling bullet hits the frilled lizard.
You kill the frilled lizard!
You shoot a sling bullet. The sling bullet misses the sky beast.
You shoot a sling bullet.
The sling bullet closely misses the sky beast.
The sky beast hits you but does no damage.
You shoot a sling bullet. The sling bullet hits the sky beast.
The sky beast is moderately wounded.
The sky beast hits you. The sky beast shocks you.
You shoot a sling bullet. The sling bullet hits the sky beast.
The sky beast is moderately wounded.
The sky beast hits you but does no damage.
The sky beast flickers out of sight!
Deactivating autopickup; reactivate with Ctrl-A.
Something hits you but does no damage.
You shoot a sling bullet. Something hits you. Something shocks you.
You shoot a sling bullet. Something hits you but does no damage.
You shoot a sling bullet. Something barely misses you.
You shoot a sling bullet. Something hits you. Something shocks you.
Something hits you. Something shocks you.
You shoot a sling bullet. Something hits you. Something shocks you.
You die...

............. #.. #.#
....##.##### ... #.. #
#...... .). ..#.# #.##### #..
#.#.# #.# #
..##.##.#.########.#####
...%..#...............
#.{...#.####.#.##### #@#.#.#
#.#.##### ##.#.#.#.#.#
#.#.##.. .....>....#.#
#.#.##.#
##########...####.#.##.#
#.................#.##.#
#####.##...##.....###......##
#......#...##.........#.#.o..
#............###..###.#.##.##
#..........#.###(.#...#.##.##


There were no monsters in sight!

Vanquished Creatures
  A jelly (D:3)
  3 gnolls (D:2)
  A worm (D:2)
  2 dart slugs
  4 orcs (D:3)
  9 ball pythons
  3 endoplasms
  2 goblins
  2 hobgoblins
  A quokka (D:1)
  9 bats
  2 frilled lizards (D:3)
  5 kobolds
  5 rats
49 creatures vanquished.

Notes
Turn   | Place    | Note
-------+----------+-------------------------------------------
     0 | D:1      | qw the Minotaur Hexslinger began the quest for the Orb.
     0 | D:1      | Reached XP level 1. HP: 16/16 MP: 1/1
     0 | D:1      | 0 ||| qw: Version: 0.3-a-52-g30416fa
     0 | D:1      | 0 ||| qw: Game counter: 6889
     0 | D:1      | 0 ||| qw: Melee chars always use a shield: true
     0 | D:1      | 0 ||| qw: God list: Okawaru
     0 | D:1      | 0 ||| qw: Allow faded altars: false
     0 | D:1      | 0 ||| qw: Do Orc after clearing Dungeon:15 true
     0 | D:1      | 0 ||| qw: Do second Lair branch before Depths: true
     0 | D:1      | 0 ||| qw: Lair rune preference: random
     0 | D:1      | 0 ||| qw: Goals: Normal
     0 | D:1      | 0 ||| PLANNING D:1-11
   178 | D:1      | Reached skill level 3 in Ranged Weapons
   179 | D:1      | Reached XP level 2. HP: 22/23 MP: 2/2
   656 | D:1      | 656 ||| UPGRADING to +0 ring mail.
   666 | D:1      | 666 ||| DROPPING +0 robe.
   667 | D:1      | 667 ||| READING 2 scrolls labelled HYECER YGUPT.
   668 | D:1      | 668 ||| READING 3 scrolls labelled DYSYGIESOF.
   669 | D:1      | 669 ||| DROPPING scroll of poison.
   670 | D:1      | 670 ||| DROPPING 2 scrolls of revelation.
   711 | D:2      | Found Dedoope's Assorted Antiques.
   733 | D:2      | Found Gaireov's Assorted Antiques.
   734 | D:2      | 734 ||| SHOPLISTING long wooden wand (104 gold, have 67).
   734 | D:2      | 734 ||| BUYING scroll labelled MARISU EKYUFFA (26 gold).
   734 | D:2      | Bought a scroll labelled MARISU EKYUFFA for 26 gold pieces
   734 | D:2      | 734 ||| SHOPLISTING scroll of identify (52 gold, have 41).
   776 | D:2      | 776 ||| BUYING grey potion (16 gold).
   776 | D:2      | Bought a grey potion for 16 gold pieces
   776 | D:2      | 776 ||| BUYING runed iron wand (72 gold).
   776 | D:2      | Bought a runed iron wand for 72 gold pieces
   776 | D:2      | 776 ||| BUYING scroll labelled KAYDAO SO PUM (18 gold).
   776 | D:2      | Bought a scroll labelled KAYDAO SO PUM for 18 gold pieces
   776 | D:2      | 776 ||| SHOPLISTING smoky orange potion (16 gold, have 13).
   832 | D:2      | Found Bidol's General Store.
   852 | D:2      | 852 ||| SHOPLISTING amulet of reflection (330 gold, have
                  | 54).
   852 | D:2      | 852 ||| SHOPLISTING ring of poison resistance (220 gold,
                  | have 54).
   852 | D:2      | 852 ||| BUYING scroll of identify (22 gold).
   852 | D:2      | Bought a scroll of identify for 22 gold pieces
   868 | D:2      | Reached XP level 3. HP: 29/29 MP: 3/3
   991 | D:2      | Reached skill level 4 in Ranged Weapons
   997 | D:2      | Reached skill level 1 in Armour
  1057 | D:2      | Found Ziric's Antique Weapon Shoppe.
  1134 | D:2      | 1134 ||| READING 2 scrolls labelled MARISU EKYUFFA.
  1135 | D:2      | 1135 ||| READING scroll labelled KAYDAO SO PUM.
  1136 | D:2      | 1136 ||| READING scroll labelled LATADW VIFO.
  1140 | D:2      | 1140 ||| DRINKING 2 glowing clear potions.
  1141 | D:2      | 1141 ||| READING 3 scrolls of identify.
  1141 | D:2      | 1141 ||| IDENTIFYING grey potion
  1142 | D:2      | 1142 ||| READING 2 scrolls of identify.
  1142 | D:2      | 1142 ||| IDENTIFYING sapphire potion
  1143 | D:2      | 1143 ||| DROPPING scroll of noise.
  1144 | D:2      | 1144 ||| DROPPING potion of invisibility.
  1166 | D:3      | 1166 ||| STAIRDANCE
  1170 | D:2      | Reached XP level 4. HP: 27/36 MP: 4/4
  1491 | D:3      | 1491 ||| FLEEEEING.
  1492 | D:3      | 1492 ||| FLEEEEING.
  1493 | D:3      | 1493 ||| FLEEEEING.
  1494 | D:3      | 1494 ||| FLEEEEING.
  1495 | D:3      | 1495 ||| FLEEEEING.
  1496 | D:3      | 1496 ||| FLEEEEING.
  1497 | D:3      | 1497 ||| FLEEEEING.
  1498 | D:3      | 1498 ||| FLEEEEING.
  1499 | D:3      | 1499 ||| FLEEEEING.
  1500 | D:3      | 1500 ||| FLEEEEING.
  1501 | D:3      | 1501 ||| FLEEEEING.
  1502 | D:3      | 1502 ||| FLEEEEING.
  1504 | D:3      | Reached skill level 5 in Ranged Weapons
  1527 | D:3      | HP: 6/36 [orc wizard/puff of flame (6)]
  1528 | D:3      | 1528 ||| READING scroll of teleportation.
  1681 | D:3      | Found a glowing silver altar of Zin.
  1729 | D:3      | Noticed a sky beast
  1741 | D:3      | HP: 7/36 [something (5)]
  1742 | D:3      | Slain by a sky beast

Levels and vault maps discovered:
D:1:      minmay_arrival_checkered_box, layout_loops_ring
D:2:      layout_rooms, serial_shops, nicolae_shop_peninsula, shop, shop_coins,
          shop
D:3:      layout_basic, mainiacjoe_overflow_paths, serial_curves,
          eino_curves_03, eino_curves_04, hangedman_decor_clover_reticule

Skill      XL: |  1  2  3  4 |
---------------+-------------+-----
Ranged Weapons | 3 4 5 |  5.0
Fighting       | 2 |  2.2
Armour         | 1 |  1.2
Dodging        | |  2.1
Spellcasting   | |  1.0
Hexes          | |  2.0

Action                     |  1- 3 |  4- 6 || total
---------------------------+-------+-------++-------
   Fire: Sling             |   122 |    63 ||   185
    Use: Scroll            |     7 |     1 ||     8
         Potion            |     1 |       ||     1
 Armour: Robe              |     4 |       ||     4
         Ring mail         |    15 |    16 ||    31
  Dodge: Dodged            |    26 |     7 ||    33

Table legend:
 A = Non-vault XP
 B = Vault XP
 C = Vault XP percentage of total XP
 D = Non-vault monster count
 E = Vault monster count
 F = Vault count percentage of total count
                 A         B        C        D         E       F
            +---------+---------+-------+---------+---------+-------
      Total |     165 |       0 |   0.0 |      49 |       0 |   0.0
            +---------+---------+-------+---------+---------+-------
        D:1 |      29 |       0 |   0.0 |      19 |       0 |   0.0
        D:2 |      71 |       0 |   0.0 |      17 |       0 |   0.0
        D:3 |      65 |       0 |   0.0 |      13 |       0 |   0.0
            +---------+---------+-------+---------+---------+-------
